 Dungeon Crawl Stone Soup version 0.25.0-26-g0c896c7088 (webtiles) character file.

Game seed: 2829426944961180637

40 Esekla the Grave Robber (level 3, -2/25 HPs)
             Began as a Formicid Necromancer on July 2, 2020.
             Slain by Sigmund
             ... wielding a +5 scythe of venom
              (9 damage)
             ... on level 3 of the Dungeon.
             The game lasted 00:11:15 (2255 turns).

Esekla the Grave Robber (Formicid Necromancer)      Turns: 2255, Time: 00:11:16

Health: -2/25      AC:  3    Str: 12    XL:     3   Next: 72%
Magic:  0/7        EV: 12    Int: 15    God:
Gold:   206        SH:  0    Dex: 11    Spells: 4/8 levels left

rFire    . . .     SeeInvis +   p - +2 dagger (holy)
rCold    . . .     Gourm    .   (no shield)
rNeg     . . .     Faith    .   o - +0 robe (curse)
rPois    .         Spirit   .   (helmet unavailable)
rElec    .         Reflect  .   (no cloak)
rCorr    .         Harm     .   (no gloves)
MR       .....                  q - +0 pair of boots
Stlth    ++........             (no amulet)
HPRegen  0.08/turn              (no ring)
MPRegen  0.10/turn              (no ring)

@: lethally poisoned (-2 -> -9)
A: permanent stasis, dig shafts and tunnels, four strong arms, antennae 3
a: Dig, Shaft Self


You were on level 3 of the Dungeon.
You were very hungry.

You visited 1 branch of the dungeon, and saw 3 of its levels.

You collected 206 gold pieces.

Inventory:

Hand Weapons
 e - a +0 spear
 p - a +2 dagger of holy wrath (weapon)
Missiles
 d - 19 poisoned darts (quivered)
Armour
 o - a cursed +0 robe (worn)
 q - a +0 pair of boots (worn)
Jewellery
 h - an uncursed ring of fire
Scrolls
 b - a scroll of remove curse {unknown}
 f - a scroll of immolation {unknown}
 g - a scroll of blinking {unknown}
 i - 2 scrolls of identify {unknown}
 l - 2 scrolls of fear {unknown}
 n - a scroll of teleportation {unknown}
Potions
 a - a potion of heal wounds {unknown}
 j - a potion of curing {unknown}
 k - 3 potions of lignification {unknown}
Comestibles
 c - 5 rations


   Skills:
 * Level 0.6 Fighting
 + Level 1.9 Dodging
 + Level 2.5 Stealth
 * Level 3.1 Spellcasting
 + Level 4.4 Necromancy


You had 4 spell levels left.
You knew the following spells:

 Your Spells              Type           Power        Failure   Level  Hunger
a - Pain                  Necr           ###.         3%          1    #......
d - Vampiric Draining     Necr           ###.......   10%         3    ###....

Your spell library contained the following spells:

 Spells                   Type           Power        Failure   Level  Hunger
 Animate Skeleton         Necr           N/A          3%          1    #......
 Animate Dead             Necr           N/A          32%         4    #####..
 Agony                    Necr           ###.....     65%         5    ######.


Dungeon Overview and Level Annotations

Branches:
Dungeon (3/15)

Altars:
Ru
Sif Muna

Annotations:
D:3 Sigmund


Innate Abilities, Weirdness & Mutations

You cannot be hasted, slowed, berserked, paralysed or teleported.
You can dig through walls and to a lower floor.
Your four strong arms can wield two-handed weapons with a shield.
You have a pair of large antennae on your head. (SInv)


Message History

Confirm with . or Enter, or press ? or * to list all spells.
The spell is quite dangerous to cast (10% risk of failure)!
Continue anyway?
Aiming: Vampiric Draining (quite dangerous; 10% risk of failure)
Press: ? - help, Shift-Dir - straight line, f/p - Sigmund
Aim: Sigmund, wielding a +5 scythe of venom and wearing a +0 robe (heavily wounded) Sigmund is severely wounded.
You feel life coursing into your body.
You feel sick. Sigmund barely misses you.
Casting: Vampiric Draining (quite dangerous; 10% risk of failure)
Confirm with . or Enter, or press ? or * to list all spells.
Aiming: Pain (safe; 3% risk of failure)
Press: ? - help, Shift-Dir - straight line, f/p - Sigmund
Aim: Sigmund, wielding a +5 scythe of venom and wearing a +0 robe (severely wounded, chance to defeat MR: 80%) Sigmund writhes in agony.
You feel sick.
You barely miss Sigmund.
Sigmund is almost dead.
* * * LOW HITPOINT WARNING * * *
You feel sick.
Sigmund hits you with a +5 scythe of venom!
You die...

#.# #.#.##.....# #.#
#.# #.#.##.....####)#
##.###.#.##.....'....#
#......#.##.....######
#####..#.##.....#
#..#.##.....#
#..#.##.....#
#..#@####.###
#..#@####.#
####......#
.....<####### ######


You could see Sigmund.

Vanquished Creatures
  A dart slug (D:1)
  5 bats
  3 giant cockroaches
  7 goblins
  4 hobgoblins
  3 quokkas (D:2)
  3 frilled lizards (D:1)
  3 kobolds
  5 rats
34 creatures vanquished.

Notes
Turn   | Place    | Note
-------+----------+-------------------------------------------
     0 | D:1      | Esekla the Formicid Necromancer began the quest for the
                  | Orb.
     0 | D:1      | Reached XP level 1. HP: 13/13 MP: 3/3
   186 | D:1      | Reached XP level 2. HP: 16/19 MP: 5/5
  1108 | D:2      | Reached XP level 3. HP: 14/25 MP: 5/7
  1126 | D:2      | Learned a level 3 spell: Vampiric Draining
  1289 | D:2      | Found a sacrificial altar of Ru.
  1440 | D:2      | Found a shimmering blue altar of Sif Muna.
  2247 | D:3      | Noticed Sigmund
  2255 | D:3      | Slain by Sigmund

Illustrated notes

Levels and vault maps discovered:
D:1:      giann_horns, layout_basic, kennysheep_another_room
D:2:      layout_loops_ring, lemuel_doored_altar, lemuel_blue_sif_altar,
          minivault_4
D:3:      layout_basic, minmay_close_crescents, uniq_sigmund

Skill      XL: |  1  2  3 |
---------------+----------+-----
Spellcasting   | 3 |  3.1
Fighting       | |  0.6
Dodging        | |  1.9
Stealth        | |  2.5
Necromancy     | |  4.4

Action                   || total
-------------------------++-------
Melee: Dagger            ||    96
 Cast: Pain              ||    25
       Vampiric Draining ||     5
 Stab: Sleeping          ||     5
  Eat: Chunk             ||     4
Armor: Robe              ||    16
Dodge: Dodged            ||    75
